 Dungeon Crawl Stone Soup version 0.27-a0-333-gfa571bf19a (webtiles) character file.

Game seed: 10489536085238513033

2497 Nattfarinn the Summoner (level 9, -3/61 HPs)
             Began as a Barachi Summoner on Feb 12, 2021.
             Was a Follower of Cheibriados.
             Slain by a boulder beetle (31 damage)
             ... on level 10 of the Dungeon.
             The game lasted 00:29:54 (11616 turns).

Nattfarinn the Summoner (Barachi Summoner)         Turns: 11616, Time: 00:29:55

Health: -3/61      AC:  5    Str: 14    XL:     9   Next: 52%
Magic:  5/17       EV: 14    Int: 21    God:    Cheibriados [*.....]
Gold:   540        SH:  0    Dex: 21    Spells: 8/18 levels left

rFire    . . .     SeeInvis .   G - +1 spear (vamp)
rCold    . . .     Faith    .   (no shield)
rNeg     . . .     Spirit   .   s - +0 leather armour
rPois    .         Reflect  .   I - +0 helmet
rElec    .         Harm     .   A - +0 cloak
rCorr    +         Rampage  .   (no gloves)
Will     .....                  (no boots)
Stlth    ++........             (no amulet)
HPRegen  0.20/turn              t - ring of resist corrosion
MPRegen  0.15/turn              o - +6 ring of dexterity

@: can't hop, very slow
A: +LOS, swims, slowness 1, strong legs 1
a: Hop, Renounce Religion, Bend Time


You were on level 10 of the Dungeon.
You worshipped Cheibriados.
Cheibriados was aware of your devotion.
You visited 2 branches of the dungeon, and saw 11 of its levels.

You collected 650 gold pieces.
You spent 110 gold pieces at shops.

Inventory:

Hand Weapons
 b - a +0 hand axe
 e - a +3 dagger
 G - a +1 vampiric spear (weapon)
Missiles
 j - 47 poisoned darts (quivered)
 u - 5 javelins
 H - a curare-tipped dart
Armour
 a - a +0 robe
 s - a +0 leather armour (worn)
 A - a +0 cloak (worn)
 I - a +0 helmet (worn)
Jewellery
 o - a +6 ring of dexterity (right hand)
 t - a ring of resist corrosion (left hand)
Wands
 n - a wand of polymorph (5)
 w - a wand of paralysis (12)
 E - a wand of acid (4)
Scrolls
 d - 2 scrolls of immolation {unknown}
 f - a scroll of blinking
 g - 4 scrolls of teleportation {unknown}
 i - 3 scrolls of magic mapping
 l - 2 scrolls of random uselessness {unknown}
 m - a scroll of enchant armour {unknown}
 p - a scroll of noise {unknown}
 y - a scroll of amnesia {unknown}
 C - 2 scrolls of enchant weapon {unknown}
 F - 8 scrolls of identify
Potions
 c - a potion of brilliance
 h - a potion of might
 k - a potion of heal wounds
 q - 3 potions of degeneration
 r - 2 potions of lignification
 v - a potion of flight
 x - a potion of attraction
 B - a potion of cancellation {unknown}
 D - a potion of resistance {unknown}


   Skills:
 - Level 2.2 Fighting
 - Level 3.3 Armour
 - Level 3.1 Dodging
 - Level 1.7 Stealth
 - Level 5.4 Spellcasting
 - Level 10.0 Summonings
 + Level 9.2 Ice Magic


You had 8 spell levels left.
You knew the following spells:

 Your Spells              Type           Power        Failure   Level
a - Summon Small Mammal   Summ           100%         1%          1
b - Call Imp              Summ           47%          1%          2
c - Call Canine Familiar  Summ           47%          1%          3
d - Summon Ice Beast      Ice/Summ       46%          2%          4

Your spell library contained the following spells:

 Spells                   Type           Power        Failure   Level
 Summon Guardian Golem    Hex/Summ       26%          4%          3
 Magic Dart               Conj           20%          13%         1
 Summon Lightning Spire   Summ/Air       26%          16%         4
 Blink                    Tloc           N/A          19%         2
 Slow                     Hex            5%           19%         2
 Conjure Flame            Conj/Fire      5%           36%         3
 Mephitic Cloud           Conj/Pois/Air  5%           36%         3


Dungeon Overview and Level Annotations

Branches:
Dungeon (10/15)            Temple (1/1) D:6
   Lair: D:8-11         Orc: D:9-12

Altars:
Ashenzari
Cheibriados
Dithmenos
Elyvilon
Fedhas
Gozag
Hepliaklqana
Kikubaaqudgha
Makhleb
Nemelex Xobeh
Okawaru
Qazlal
Ru
Sif Muna
Trog
Uskayaw
Vehumet
Wu Jian
Xom
Yredelemnul
Zin
The Shining One

Shops:
D:6 *   D:8 *

Annotations:
D:8 exclusion: oklob plant
D:10 2 runed translucent doors, dricus's ghost, journeyman DDFi


Innate Abilities, Weirdness & Mutations

You can be seen from farther away. (+LOS)
You can swim through water.
You cover ground slowly.
You can hop short distances.


Message History

Your life force feels restored.
Your Ice Magic skill gained 2 levels and is now at level 9!
You swap places.
The hound closely misses your ice beast.
Your ice beast barely misses the hound.
The hound barely misses your ice beast.
You feel much better.
The hound bites your ice beast but does no damage.
Your ice beast closely misses the hound.
The hound closely misses your ice beast.
You are too injured to fight recklessly!
Something closely misses your ice beast.
The hound closely misses your ice beast.
The hound barely misses your ice beast. The hound barely misses your ice beast.
Things that are here:
a +0 giant club; a +0 shortbow; 24 arrows
Casting: Call Canine Familiar (safe; 1% risk of failure)
Confirm with . or Enter, or press ? or * to list all spells.
A chill wind blows around you. The hound barely misses you.
The hound bites you but does no damage.
You swap places.
The hound closely misses your ice beast.
Your ice beast hits the boulder beetle but does no damage. x2
Casting: Summon Ice Beast (dangerous; 2% risk of failure)
Confirm with . or Enter, or press ? or * to list all spells.
Okay, then.
The boulder beetle bites your ice beast!!
Your ice beast hits the boulder beetle but does no damage.
The boulder beetle bites your ice beast but does no damage.
Your ice beast hits the boulder beetle but does no damage.
The boulder beetle bites your ice beast!!
Your ice beast dies!
The boulder beetle curls into a ball and begins rolling!
Unknown command.
Hop to where?
Press: ? - help, Dir - move target, p - boulder beetle Boing!
The boulder beetle hits you!!
Ouch! That really hurt!
You die...

...........#.#.##.....
##+##.#.##+#.#.##....# ###
..#...#WL#.#.##....#♣♣.♣♣
♣p#.⌠.#♣e###.##....#♣...♣#
#...#...#HV. #.##....#.....#
##..##.##.♣. #.#.>...#.....#
#♣..###....##.#....)#.....# '
#....ZZ...##.......#.♣♣♣.# .#
#8.8.8.8#.####@B○h°#♣.♣Y♣#♣♣y.#
##.#.#.##$# #.#.#.o)♣♣♣.hoWBo#
#<#.#.#♣.♣.♣#♣♣W.#
#.#.#.#§♣♣♣.# .# #.#.#.#..h..#
' #.#...#.....# #.###.#.....#
#.# #.#♣...♣# #.. ..#♣♣.♣♣


You could see a boulder beetle, an orc warrior and a hound.

Vanquished Creatures
  Josephine (D:10)
  A black bear (D:10)
  A sky beast (D:7)
  A centaur (D:10)
  A bullfrog (D:7)
  A howler monkey (D:6)
  A hound (D:8)
  A jelly (D:8)
  A bullfrog skeleton (D:7)
  2 centaur skeletons
  A hound zombie (D:8)
  5 adders
  4 oozes (D:8)
  3 leopard geckos
  5 orcs
  A bat (D:1)
  2 giant cockroaches
  4 goblins
  A hobgoblin (D:1)
  5 quokkas
  5 frilled lizards
  A hobgoblin zombie (D:4)
  A jackal skeleton (D:4)
  2 kobolds
  An orc zombie (D:4)
  A quokka zombie (D:7)
  5 rats
58 creatures vanquished.

Vanquished Creatures (collateral kills)
  A two-headed ogre (D:8)
  Menkaure (D:7)
  A water moccasin (D:9)
  A nameless horror (D:9)
  2 sky beasts
  An ogre (D:10)
  A centaur (D:10)
  A kobold brigand (D:8)
  4 bullfrogs
  A wyvern skeleton (D:10)
  A killer bee (D:10)
  A crimson imp (D:4)
  A bullfrog zombie (D:10)
  7 jellies
  2 hounds
  2 iguanas (D:7)
  A centaur skeleton (D:6)
  3 worker ants
  2 orc wizards
  A hound zombie (D:6)
  A hound skeleton (D:4)
  A worker ant zombie (D:8)
  4 gnolls (D:7)
  5 adders
  A white imp (D:10)
  9 oozes
  An adder skeleton (D:6)
  8 worms
  A dart slug (D:3)
  A leopard gecko (D:2)
  17 orcs
  6 bats
  5 giant cockroaches
  5 goblins
  7 hobgoblins
  8 jackals
  3 frilled lizards
  2 goblin zombies (D:4)
  2 hobgoblin zombies (D:4)
  8 kobolds
  A kobold zombie (D:4)
  An orc skeleton (D:4)
  An orc zombie (D:4)
  5 rats
138 creatures vanquished.

Vanquished Creatures (others)
  6 fungi (D:8)
  4 plants (D:9)
10 creatures vanquished.

Grand Total: 206 creatures vanquished

Notes
Turn   | Place    | Note
-------+----------+-------------------------------------------
     0 | D:1      | Nattfarinn the Barachi Summoner began the quest for the
                  | Orb.
     0 | D:1      | Reached XP level 1. HP: 13/13 MP: 3/3
    68 | D:1      | Reached skill level 1 in Armour
   100 | D:1      | Reached XP level 2. HP: 11/20 MP: 0/5
   418 | D:1      | Reached skill level 1 in Fighting
   900 | D:1      | Reached XP level 3. HP: 26/26 MP: 6/6
  1227 | D:1      | Found a sacrificial altar of Ru.
  1478 | D:2      | Learned a level 2 spell: Call Imp
  1923 | D:2      | Found a faded altar of an unknown god.
  2225 | D:2      | Found a shimmering altar of Xom.
  2225 | D:2      | Found a shimmering altar of Xom.
  2334 | D:2      | Reached XP level 4. HP: 9/33 MP: 4/7
  3300 | D:3      | Learned a level 3 spell: Call Canine Familiar
  3932 | D:4      | Reached XP level 5. HP: 38/38 MP: 9/9
  4064 | D:4      | Found a glowing golden altar of the Shining One.
  5052 | D:5      | Entered Level 5 of the Dungeon
  5127 | D:5      | Found a glowing silver altar of Zin.
  5427 | D:5      | Noticed a sky beast
  5478 | D:5      | Killed a sky beast
  5479 | D:5      | Reached XP level 6. HP: 44/44 MP: 2/12
  5997 | D:6      | Found a staircase to the Ecumenical Temple.
  6007 | Temple   | Entered the Ecumenical Temple
  6276 | D:6      | Reached skill level 5 in Spellcasting
  6461 | D:6      | Reached skill level 5 in Summonings
  6566 | D:6      | Found Afeutex's General Store.
  6572 | D:6      | Bought a potion of lignification for 39 gold pieces
  6572 | D:6      | Bought a scroll of magic mapping for 45 gold pieces
  6572 | D:6      | Bought a scroll of identify for 26 gold pieces
  6758 | D:6      | Reached XP level 7. HP: 40/50 MP: 15/15
  7073 | D:7      | Reached skill level 6 in Summonings
  7611 | D:7      | Noticed Menkaure
  7628 | D:7      | Killed Menkaure
  7629 | D:7      | Reached skill level 7 in Summonings
  8351 | D:7      | Reached skill level 8 in Summonings
  8691 | D:8      | Noticed a two-headed ogre
  9005 | D:7      | Reached XP level 8. HP: 51/56 MP: 12/16
  9107 | D:8      | Killed a two-headed ogre
  9108 | D:8      | Reached skill level 9 in Summonings
  9201 | D:8      | Found Buizus's General Store.
  9234 | D:8      | Reached skill level 10 in Summonings
  9334 | D:8      | Learned a level 4 spell: Summon Ice Beast
  9411 | D:8      | Reached skill level 1 in Ice Magic
 10095 | D:8      | Found an ornate altar of the Wu Jian Council.
 10095 | D:8      | Found a burning altar of Makhleb.
 10095 | D:8      | Found a snail-covered altar of Cheibriados.
 10096 | D:8      | Found a hide-covered altar of Uskayaw.
 10101 | D:8      | Found an iron altar of Okawaru.
 10102 | D:8      | Found a shadowy altar of Dithmenos.
 10105 | D:8      | Became a worshipper of Cheibriados the Contemplative
 10315 | D:8      | Noticed an oklob plant
 10537 | D:9      | Reached * piety under Cheibriados
 10645 | D:9      | Noticed a nameless horror
 10655 | D:9      | Killed a nameless horror
 10854 | D:9      | Noticed an elephant
 10872 | D:10     | Entered Level 10 of the Dungeon
 10872 | D:10     | Found a runed translucent door.
 11056 | D:10     | Noticed a vampire
 11057 | D:10     | Noticed a yaktaur captain
 11057 | D:10     | Noticed a deep elf archer
 11057 | D:10     | Noticed a skeletal warrior
 11058 | D:10     | Found a runed translucent door.
 11058 | D:10     | Noticed a wraith
 11058 | D:10     | Noticed a lich
 11058 | D:10     | Noticed a manticore
 11058 | D:10     | Noticed a necromancer
 11061 | D:10     | Noticed dricus's ghost (journeyman DDFi)
 11061 | D:10     | Noticed a vampire
 11064 | D:10     | Noticed a snapping turtle
 11068 | D:10     | Noticed Josephine
 11069 | D:10     | Noticed a wraith
 11120 | D:10     | Reached skill level 5 in Ice Magic
 11122 | D:10     | Reached XP level 9. HP: 55/61 MP: 3/17
 11581 | D:10     | Noticed a boulder beetle
 11591 | D:10     | Noticed a troll
 11591 | D:10     | a yak changed into a troll
 11593 | D:10     | a troll changed into a blink frog
 11599 | D:10     | Killed Josephine
 11616 | D:10     | Slain by a boulder beetle

Illustrated notes

Levels and vault maps discovered:
D:1:      dpeg_arrival_lava_altar, layout_rooms, minmay_pentomino_r4
D:2:      layout_rooms, chequers_ecumenical_altar_simple_redux, xom_redecorated
D:3:      layout_loops_ring, cheibrodos_sewer_entry_sluice,
          minmay_misc_feat_columns
D:4:      layout_basic, nicolae_tso_besieged_by_evil
D:5:      layout_loops_ring, zin_statuary, columned_hall_lemuel
D:6:      layout_rooms, minmay_temple_entry_poolview, serial_shops, shop
D:7:      layout_basic, minmay_tree_intersection, uniq_menkaure
D:8:      lemuel_slime, layout_loops_ring, minitemple, serial_shops, shop
D:9:      wad_woods_tower, layout_long_grid, minmay_orc_entry_temple_large,
          lemuel_oklob_altar, uniq_erica, uniq_harold
D:10:     nzn_winding_woodlands_cross [nzn_winding_woodlands_5x15_parted,
          nzn_winding_woodlands_5x15_pool, nzn_winding_woodlands_5x15_pockets,
          nzn_winding_woodlands_5x15_longhouse,
          nzn_winding_woodlands_15x15_killbox], layout_loops_ring,
          muffindrake_ghost_dual_entry, serial_aquarium, aquarium_bridge_square
          [aquarium_subvault_window, aquarium_subvault_window,
          aquarium_subvault_bridge, aquarium_subvault_wall],
          aquarium_window_corner, aquarium_window_2, aquarium_view_2c,
          aquarium_view_2c, aquarium_balcony_double_4, uniq_psyche,
          uniq_josephine
Temple:   regret_index_temple_generic_petals

Skill      XL: |  1  2  3  4  5  6  7  8  9 |
---------------+----------------------------+-----
Armour         | 1 2 3 |  3.3
Fighting       | 1 2 |  2.2
Dodging        | 3 |  3.1
Spellcasting   | 4 5 |  5.4
Summonings     | 5 8 10 | 10.0
Ice Magic      | 5 9 |  9.2
Stealth        | |  1.7

Action                   |  1- 3 |  4- 6 |  7- 9 || total
-------------------------+-------+-------+-------++-------
Melee: Hand axe          |    51 |    70 |       ||   121
       Unarmed           |     1 |       |       ||     1
       Dagger            |       |    18 |    60 ||    78
       Spear             |       |       |   136 ||   136
Throw: Dart              |    13 |    17 |       ||    30
 Cast: Summon Small Mamm |    57 |     3 |       ||    60
       Call Imp          |    17 |    43 |    25 ||    85
       Call Canine Famil |       |    15 |    32 ||    47
       Summon Ice Beast  |       |       |    22 ||    22
 Abil: Hop               |     3 |     2 |     4 ||     9
Evoke: Wand              |       |       |     3 ||     3
  Use: Potion            |       |     1 |     4 ||     5
       Scroll            |       |     6 |     1 ||     7
 Stab: Distracted        |     3 |     1 |     5 ||     9
       Sleeping          |       |     3 |       ||     3
Armor: Robe              |    11 |     7 |       ||    18
       Leather armour    |       |     6 |    38 ||    44
Dodge: Dodged            |    43 |    74 |   162 ||   279

Table legend: (Time is in decaauts)
 A = Elapsed time spent in this place.
 B = Non-inter-level travel time spent in this place.
 C = Inter-level travel time spent in this place.
 D = Time resting spent in this place.
 E = Time spent auto-exploring this place.
 F = Levels seen in this place.
 G = Mean time per level.
                   A        B        C        D        E       F      G
               +--------+--------+--------+--------+--------+-----+--------+
         Total |  12921 |  12422 |    499 |   3049 |   7332 |  11 | 1174.6 |
       Dungeon |  12637 |  12182 |    455 |   3049 |   7093 |  10 | 1263.7 |
        Temple |    284 |    240 |     44 |      0 |    239 |   1 |  284.0 |
               +--------+--------+--------+--------+--------+-----+--------+

Top non-repeatable levels by time:
     D:7: 2107 daAuts
     D:8: 1756 daAuts
     D:2: 1646 daAuts
     D:1: 1358 daAuts
     D:4: 1307 daAuts
     D:3: 1218 daAuts
     D:5: 1082 daAuts
     D:6: 866 daAuts
    D:10: 823 daAuts
     D:9: 470 daAuts
  Temple: 284 daAuts
